Map: Beckett Industries LE

Players

uThermal - Winner!

  • Race: Terran Terran

AqueroN

  • Race: Terran Terran

Event: DreamHack SC2 Masters 2021 Winter

VOD

Have the link to the VOD?

Description

Time

  • Played on: Oct. 10, 2021, 11:11 a.m.
  • Length: 8:49

All games in this series

Show
View Real Time Build Order
Export as new Build Order

uThermal Terran - Winner!

Build Orders:  

Get SALT Encoding   

  12  0:00  SCV  
  13  0:13  SCV  
  14  0:17  Supply Depot  
  14  0:25  SCV  
  15  0:38  SCV  
  15  0:39  Barracks  
  16  0:43  Refinery  
  16  0:50  SCV  
  17  0:58  Barracks  
  17  1:03  SCV  
  18  1:09  Refinery  
  18  1:15  SCV  
  19  1:26  Reaper  
  19  1:31  Orbital Command  
  20  1:40  Supply Depot  
  20  1:45  Reaper  
  21  1:56  SCV  
  21  1:59  Reaper  
  23  2:07  Factory  
  23  2:10  SCV  
  24  2:18  Reaper  
  24  2:22  SCV  
  26  2:25  Supply Depot  
  26  2:31  Reaper  
  26  2:34  SCV  
  28  2:46  SCV  
  28  2:51  Reaper, Hellion  
  33  3:03  Reaper  
  33  3:05  Command Center  
  35  3:13  Hellion  
  35  3:23  Reaper, Starport  
  37  3:30  Supply Depot  
  36  3:35  Reaper  
  36  3:38  Hellion  
  36  3:40  SCV  
  39  3:52  SCV  
  40  3:59  Factory Tech Lab  
  40  4:00  Starport Tech Lab  
  40  4:04  SCV  
  40  4:06  Marine  
  40  4:07  Barracks Reactor  
  42  4:10  Refinery  
  42  4:16  SCV  
  43  4:18  Cyclone  
  46  4:29  Orbital Command  
  46  4:34  Raven  
  38  4:49  SCV  
  38  4:50  Marine x3  
  41  4:53  Siege Tank  
  41  4:56  SCV  
  45  5:01  SCV  
  46  5:07  Marine  
  46  5:08  SCV, Marine  
  46  5:10  Marine  
  46  5:13  SCV  
  51  5:17  Raven  
  51  5:20  SCV  
  51  5:21  Supply Depot  
  54  5:30  Marine x2  
  54  5:32  Siege Tank  
  54  5:34  SCV x2  
  61  5:41  Supply Depot  
  61  5:46  SCV x2  
  63  5:55  Command Center  
  63  5:59  SCV x2  
  65  6:10  Siege Tank, Barracks  
  68  6:11  SCV  
  68  6:12  Starport Reactor  
  68  6:13  SCV  
  68  6:18  Marine x3  
  70  6:25  Stimpack  
  73  6:26  SCV  
  73  6:28  Supply Depot  
  73  6:29  SCV  
  75  6:37  Refinery  
  75  6:38  SCV, Marine x2, Supply Depot  
  78  6:49  SCV, Siege Tank, Marine  
  78  6:51  SCV  
  84  6:59  Starport Reactor  
  84  7:00  Marine x2  
  86  7:01  SCV  
  86  7:03  SCV  
  86  7:04  Engineering Bay  
  86  7:06  Engineering Bay, Marine x2  
  86  7:07  Marine  
  89  7:17  Marine  
  89  7:20  Marine  
  91  7:24  Siege Tank  
  91  7:25  Marine x3  
  91  7:26  SCV  
  98  7:35  Marine  
  99  7:38  Medivac  
  99  7:39  Medivac  
  99  7:41  Marine  
  99  7:43  Supply Depot x2  
  104  7:45  SCV x2  
  104  7:48  Marine  
  104  7:49  Marine  
  108  7:52  Marine  
  108  7:57  Siege Tank  
  105  8:00  Marine  
  105  8:02  SCV  
  107  8:08  Medivac  
  107  8:10  Medivac  
  107  8:12  Marine  
  113  8:14  Marine  
  113  8:15  Marine  
  113  8:21  Marine  
  113  8:22  SCV  
  115  8:27  Marine  
  115  8:28  SCV  
Show
View Real Time Build Order
Export as new Build Order

AqueroN Terran 

Build Orders: Mech 

Get SALT Encoding   

  12  0:00  SCV  
  13  0:12  SCV  
  14  0:17  Supply Depot  
  14  0:24  SCV  
  15  0:29  Refinery  
  15  0:38  SCV  
  16  0:44  Barracks  
  16  0:50  SCV  
  16  0:56  Refinery  
  17  1:02  SCV  
  18  1:14  SCV  
  19  1:31  Orbital Command, Reaper  
  20  1:38  Factory  
  20  1:49  Supply Depot  
  20  1:56  SCV  
  21  2:03  Reaper  
  22  2:09  SCV  
  23  2:21  SCV  
  23  2:22  Hellion  
  26  2:33  Command Center  
  26  2:36  Reaper  
  27  2:43  SCV, Hellion  
  30  2:49  Supply Depot  
  30  2:57  Starport  
  30  2:59  SCV  
  30  3:05  Factory Tech Lab  
  31  3:10  Barracks Reactor  
  31  3:11  SCV  
  32  3:23  Cyclone, SCV  
  36  3:36  SCV  
  36  3:38  Starport Tech Lab  
  37  3:45  Orbital Command  
  37  3:46  Marine x2  
  37  3:48  SCV  
  40  3:55  Supply Depot  
  40  3:56  Siege Tank  
  40  3:59  Viking  
  45  4:03  Orbital Command  
  45  4:04  Marine x2  
  45  4:06  SCV  
  48  4:14  Supply Depot  
  48  4:21  SCV  
  51  4:29  SCV  
  52  4:33  Siege Tank  
  53  4:43  SCV  
  53  4:45  SCV  
  41  4:48  Marine  
  41  4:50  Viking x2  
  44  4:55  SCV, Refinery  
  44  4:57  SCV  
  46  5:06  Marine  
  46  5:07  SCV, Refinery  
  47  5:09  SCV  
  52  5:19  SCV  
  53  5:21  SCV  
  53  5:23  Viking x2  
  53  5:24  Marine  
  56  5:29  Supply Depot  
  56  5:31  SCV  
  56  5:32  Siege Tank  
  56  5:33  SCV  
  61  5:41  Marine  
  62  5:43  SCV  
  62  5:46  SCV  
  64  5:53  Viking x2  
  64  5:56  SCV  
  69  5:58  SCV  
  70  6:04  Siege Tank  
  70  6:07  Supply Depot  
  70  6:08  SCV  
  70  6:10  SCV, Marine  
  70  6:11  Supply Depot  
  76  6:22  Liberator  
  77  6:28  SCV, Viking, Supply Depot  
  80  6:37  Siege Tank  
  83  6:50  Command Center  
  83  6:53  SCV x2  
  85  7:09  Siege Tank  
  85  7:13  SCV  
  85  7:14  SCV  
  90  7:18  Viking x2  
  92  7:26  SCV x2  
  92  7:28  Supply Depot x2  
  92  7:29  Factory x2  
  93  7:41  Siege Tank  
  93  7:43  SCV x2  
  97  7:48  Viking  
  92  7:59  SCV x2  
  84  8:11  SCV x2  
  87  8:13  Siege Tank  
  90  8:23  SCV x2  
  92  8:35  SCV  
  92  8:37  SCV  

Tags
 
Add a new tag
Caveats
  • Supply blocks, unpowered buildings, or Contaminate may cause inaccurate times.
  • Supply counts are checked every 10 seconds.